AoeStats
← 知耻而后勇喜笑颜开

Arabia

509761939Analyzed
1v1 RM · 5d ago on Sep 27, 2026· 51m 26s· 2 players
Game mode
Random Map
Map size
Tiny (2 player)
Population
200
Speed
Normal
Resources
Standard
Victory
Conquest
Starting age
Dark Age
Ending age
Imperial Age
RankedLock teamsTeams togetherTeam positionsShared explorationLock speedFull tech treeHidden civsTurbo modeCheats
Victory
Defeat
🇲🇽 Byzantines · Mexico
1384
+17
1414
-17
HK | Jai Guru Deva
6:19 Loom
10:46 Feudal Age
11:07 Man-at-Arms
12:29 Arson
22:51 Wheelbarrow
27:08 Castle Age
35:20 Double-Bit Axe
35:17 Horse Collar
35:46 Gold Mining
36:15 Bow Saw
36:59 Bow Saw
42:00 Scale Mail Armor
41:45 Gambesons
42:11 Heavy Plow
42:54 Hand Cart
47:31 Imperial Age
45:13 Forging
45:19 Chain Mail Armor
45:14 Squires
47:08 Chain Mail Armor
47:41 Iron Casting
48:32 Capped Ram
51:35 Conscription
知耻而后勇喜笑颜开
6:59 Loom
10:11 Feudal Age
10:58 Double-Bit Axe
11:50 Wheelbarrow
10:39 Man-at-Arms
11:34 Arson
20:13 Fletching
25:18 Horse Collar
31:25 Castle Age
29:44 Gold Mining
29:45 Stone Mining
31:47 Crossbowman
32:48 Bow Saw
32:38 Heavy Plow
32:25 Town Watch
32:40 Bodkin Arrow
33:37 Padded Archer Armor
35:13 Forging
36:57 Leather Archer Armor
37:35 Ballistics
37:57 Leather Archer Armor
39:21 Scale Barding Armor
41:06 Treadmill Crane
42:20 Bloodlines
42:37 Fervor
43:19 Town Watch
46:34 Hand Cart
47:03 Guard Tower
48:07 Murder Holes
53:32 Imperial Age
Connection lost

Rejoining the realm…

Still unreachable

The connection could not be restored.

Session expired

The server has moved on; the page needs a fresh start.